 Dungeon Sprint DCSS version 0.17-a0-1663-gb806841 (webtiles) character file.

140 Kidiri the Cudgeler (level 5, 0/82 HPs)
             Began as a Troll Berserker on Aug 16, 2015.
             Was an Elder of Trog.
             Slain by a hellwing (9 damage)
             ... summoned by a kobold demonologist
             ... in the Dungeon (Sprint III: "The Ten Rune Challenge").
             The game lasted 00:02:23 (378 turns).

Kidiri the Cudgeler (Troll Berserker)                Turns: 378, Time: 00:02:23

Health: 0/82       AC:  2    Str: 33    XL:     5   Next: 2%
Magic:  4/4        EV: 11    Int:  3    God:    Trog [****..]
Gold:   24         SH:  0    Dex:  9    Spells: 0 memorised, 4 levels left

rFire  . . .     SeeInvis .     a - +0 mace
rCold  . . .     Clarity  .     b - +0 animal skin
rNeg   . . .     SustAt   .     (no shield)
rPois  .         Gourm    +     (helmet restricted)
rElec  .         Spirit   .     j - +0 cloak
rCorr  .         Warding  .     (gloves unavailable)
rMut   .         NoTele   +     (boots unavailable)
MR     .....                    (no amulet)
Stlth  ..........               (no ring)
                                (no ring)

@: berserking, corroded equipment, very quick, not resistant to hostile
enchantments, extremely unstealthy
A: unfitting armour, claws 3, molten scales 1, deformed body, fast metabolism 3,
gourmand, regeneration 2, screaming 1, shaggy fur 1, strong 1, tough skin 2
a: Burn Spellbooks, Berserk, Trog's Hand, Brothers in Arms, Renounce Religion


You were in the Dungeon.
You worshipped Trog.
Trog was greatly pleased with you.
You were not hungry.

You visited 1 branch You collected 24 gold pieces.

Inventory:

Hand weapons
 a - a +0 mace (weapon)
Armour
 b - a +0 animal skin (worn)
 j - a +0 cloak (worn)
Magical devices
 e - a wand of confusion (9)
Scrolls
 i - 2 scrolls of blinking
 l - a scroll of holy word
 o - a scroll of immolation
Potions
 d - 3 potions of curing
 f - a potion of haste
 g - 2 potions of magic
 h - a potion of berserk rage
 n - a potion of invisibility
 p - a potion of agility
 q - 2 potions of flight
Comestibles
 c - 4 bread rations


   Skills:
 + Level 4.4 Fighting
 * Level 6.3 Maces & Flails
 * Level 5.8 Dodging


You had 4 spell levels left.
You didn't know any spells.

Dungeon Overview and Level Annotations

Branches:
Dungeon (1/1)

Altars:
Kikubaaqudgha
Sif Muna
Vehumet


Innate Abilities, Weirdness & Mutations

You are too large for most types of armour.
You have claws for hands.
Your metabolism is lightning-fast.
You like to eat raw meat.
You heal very quickly.
You are covered in fur (AC +1).
You have very tough skin (AC +2).
You are partially covered in molten scales (AC +1).
Armour fits poorly on your strangely shaped body.
You occasionally shout uncontrollably at your foes.
Your muscles are strong. (Str +2)


Message History

The hellwing hits you. x2
You hit the rust devil but do no damage.
The rust devil barely misses you. The hellwing hits you. The hellwing hits you.
* * * LOW HITPOINT WARNING * * *
Drink which item? (? for menu, Esc to quit)
Okay, then.
Use which ability? (? or * to list)
A red film seems to cover your vision as you go berserk!
You feel yourself moving faster!
You feel mighty!
You feel somewhat more hungry. The rust devil hits you.
* * * LOW HITPOINT WARNING * * *
The rust devil corrodes you! The hellwing hits you.
* * * LOW HITPOINT WARNING * * *
The hellwing barely misses you.
You sock the rust devil!
The rust devil is moderately wounded.
The rust devil closely misses you. The hellwing hits you.
* * * LOW HITPOINT WARNING * * *
The hellwing hits you!
You die...

.#...#### ##.#
.#......#####..#
##.......#..#..#
.##.##..)#..#..###+#+###+#
.##.###..##+#..#..........
####.##..###...'.⌠........
##..##..####...#...######+
....##..###....#.⌠.#
#÷.##...##.....#@4.#
..##....#......#4###
.###..##.#.....#K5 .#
#..#####....#___ ▓▓ ▓▓▓▓
▓▓▓▓▓▓▓▓▓▓


You could see a hellwing, a rust devil, a kobold demonologist and a crimson imp.

Vanquished Creatures
  A water elemental (D)
  A wizard (D)
  Crazy Yiuf (D)
  A human (D)
  4 rats (D)
8 creatures vanquished.

Vanquished Creatures (others)
  2 draconian scorchers (D)
  A yaktaur (D)
  2 fire drakes (D)
  3 plants (D)
8 creatures vanquished.

Grand Total: 16 creatures vanquished

Notes
Turn   | Place    | Note
--------------------------------------------------------------
     0 | D        | Kidiri the Troll Berserker began the quest for the Orb.
     0 | D        | Reached XP level 1. HP: 22/22 MP: 0/0
    17 | D        | Reached skill level 3 in Maces & Flails
    41 | D        | Acquired Trog's second power
    69 | D        | Noticed Crazy Yiuf
    81 | D        | Killed a fire drake
    86 | D        | Reached skill level 4 in Maces & Flails
    86 | D        | Reached XP level 2. HP: 20/31 MP: 1/1
    87 | D        | Killed a yaktaur
   109 | D        | Killed Crazy Yiuf
   109 | D        | Reached XP level 3. HP: 9/37 MP: 2/2
   152 | D        | Killed a white draconian scorcher
   186 | D        | Killed a white draconian scorcher
   221 | D        | Gained mutation: You are partially covered in molten scales (AC +1). [potion of mutation]
   221 | D        | Gained mutation: Your muscles are strong. (Str +2) [potion of mutation]
   222 | D        | Gained mutation: Armour fits poorly on your strangely shaped body. [potion of mutation]
   222 | D        | Gained mutation: Your mind is acute. (Int +2) [potion of mutation]
   222 | D        | Gained mutation: You occasionally shout uncontrollably at your foes. [potion of mutation]
   223 | D        | Lost mutation: Your mind is acute. (Int +2) [potion of mutation]
   325 | D        | Noticed a water elemental
   329 | D        | Killed a water elemental
   329 | D        | Reached skill level 5 in Maces & Flails
   329 | D        | Reached skill level 5 in Dodging
   329 | D        | Reached XP level 4. HP: 48/48 MP: 3/3
   331 | D        | Killed a fire drake
   368 | D        | Found a radiant altar of Vehumet.
   368 | D        | Found a deep blue altar of Sif Muna.
   368 | D        | Found an ancient bone altar of Kikubaaqudgha.
   368 | D        | Noticed a wizard
   373 | D        | Noticed a rust devil
   374 | D        | Noticed a hellwing
   375 | D        | Killed a wizard
   375 | D        | Acquired Trog's third power
   375 | D        | Reached skill level 6 in Maces & Flails
   375 | D        | Reached XP level 5. HP: 32/55 MP: 4/4
   378 | D        | Slain by a hellwing

Vault maps used:
D:        dungeon_sprint_mu

Action                   |  1- 3 |  4- 6 || total
-------------------------+-------+-------++-------
Melee: Mace              |    28 |     8 ||    36
Invok: Berserk           |     2 |     1 ||     3
       Burn Spellbooks   |       |     1 ||     1
  Use: Potion            |     4 |       ||     4
       Scroll            |     4 |       ||     4
  Eat: Chunk             |     6 |       ||     6
